 Dungeon Crawl Stone Soup version 0.19.5 (webtiles) character file.

1354 QuCean the Grappler (level 8, -13/75 HPs)
             Began as a Troll Monk on May 17, 2017.
             Was a Follower of Uskayaw.
             Mangled by an orc warrior
             ... wielding a +0 war axe
              (22 damage)
             ... on level 6 of the Dungeon.
             The game lasted 00:29:28 (5557 turns).

QuCean the Grappler (Troll Monk)                    Turns: 5557, Time: 00:29:29

Health: -13/75     AC:  5    Str: 26    XL:     8   Next: 37%
Magic:  4/7        EV: 12    Int:  6    God:    Uskayaw [*.....]
Gold:   218        SH:  4    Dex: 12    Spells: 0 memorised, 7 levels left

rFire  . . .     SeeInvis .       - Unarmed
rCold  . . .     Gourm    +     a - +0 robe
rNeg   . . .     Faith    .     (no shield)
rPois  .         Spirit   .     (helmet restricted)
rElec  .         Reflect  +     (no cloak)
rCorr  .         Harm     .     (gloves unavailable)
MR     .....                    (boots unavailable)
Stlth  ++........               u - +4 amulet of reflection
                                (no ring)
                                l - +4 ring of strength

@: no status effects
A: unfitting armour, claws 3, fast metabolism 3, gourmand, regeneration 1,
shaggy fur 1, tough skin 2
a: Stomp, Renounce Religion


You were on level 6 of the Dungeon.
You worshipped Uskayaw.
Uskayaw was noncommittal.
You were very full.

You visited 1 branch of the dungeon, and saw 6 of its levels.
You also visited: Sewer.

You collected 218 gold pieces.

Inventory:

Hand Weapons
 y - the +7 war axe "Trog's Scorn" {vamp, MR+}
   (You found it in a sewer)

   It inflicts no extra harm, but heals its wielder when it wounds a living foe.
   It affects your resistance to hostile enchantments.
Armour
 a - a +0 robe (worn)
Jewellery
 h - an uncursed ring of magical power
 l - a +4 ring of strength (left claw)
 p - an uncursed ring of wizardry
 u - a +4 amulet of reflection (around neck)
Wands
 c - a wand of flame (19/48)
 I - a wand of flame (26/48)
 J - a wand of paralysis (12/24)
Scrolls
 d - 4 scrolls of teleportation
 k - a scroll of recharging {unknown}
 o - 3 scrolls of enchant weapon {unknown}
 q - a scroll of noise {unknown}
 s - a scroll of fear {unknown}
 t - a scroll of immolation {unknown}
 x - 2 scrolls of enchant armour {unknown}
 A - a scroll of summoning {unknown}
 E - 2 scrolls of remove curse {unknown}
 G - a scroll of amnesia {unknown}
Potions
 e - 7 potions of curing
 f - 3 potions of ambrosia {unknown}
 g - a potion of cancellation {unknown}
 j - a potion of magic {unknown}
 n - a potion of resistance {unknown}
 v - 4 potions of heal wounds {unknown}
 w - a potion of might {unknown}
 z - a potion of flight {unknown}
 B - 2 potions of brilliance {unknown}
 C - a potion of haste {unknown}
 D - 2 potions of invisibility {unknown}
Comestibles
 b - 3 bread rations
 i - 4 meat rations
 m - a beef jerky
 r - a slice of pizza
 F - 4 chunks of flesh


   Skills:
 + Level 3.5 Fighting
 + Level 5.2 Dodging
 + Level 2.1 Stealth
 + Level 8.0 Unarmed Combat


You had 7 spell levels left.
You didn't know any spells.

Dungeon Overview and Level Annotations

Branches:
Dungeon (6/15)             Temple (0/1) D:4

Altars:
Ashenzari
Dithmenos
Elyvilon
Fedhas
Hepliaklqana
Kikubaaqudgha
Makhleb
Okawaru
Sif Muna
Uskayaw
Vehumet


Innate Abilities, Weirdness & Mutations

You are too large for most types of armour.
You have claws for hands.
Your metabolism is lightning-fast.
You like to eat raw meat.
Your natural rate of healing is unusually fast.
You are covered in fur. (AC +1)
You have very tough skin. (AC +2)


Message History

You claw the orc warrior!
You claw the orc warrior, but do no damage.
The orc warrior is severely wounded.
The worker ant barely misses you. The orc warrior closely misses you.
You can now stomp with the beat.
You scratch the orc warrior.
The orc warrior is almost dead.
The orc warrior hits you from afar with a glaive!!
The worker ant bites you but does no damage.
You barely miss the orc warrior.
The orc warrior is almost dead.
The orc warrior hits you but does no damage.
The worker ant bites you but does no damage.
The orc warrior hits you from afar with a glaive!!
* * * LOW HITPOINT WARNING * * *
Unknown command.
You feel better. The worker ant bites you.
* * * LOW HITPOINT WARNING * * *
The orc warrior hits you with a war axe!!
You die...

#.#*,,,.....#*,##..# #..####### *
#.#*****###.#,,,#..# #.........
###.######....#*,##..###'########
...........#+***+#.............##
###.#####.##,,**,#####.........##
,*#.# #.#,,,,+*+.$[##........##
,*#.# #.#,,,,**ohs..#........##
,,#.# ##.##,,###aFo.?#........##
#.#.# #...####.@ooo!.#........##
#.#.# #........##F%(##..........
#.#.# #.......#.#####.#.########
#.#.# #...<.....................
#...# #..............<.#########
##..# #.......#.##......##......
#.(# #.......#.##.####.##.#####
#..# #.........##.# #.........
#..# ####<.....##.# ####.#####


You could see 3 orc warriors, 2 bullfrogs, a hound, a worker ant, 2 orcs and a
giant cockroach.

Vanquished Creatures
  A sky beast (D:5)
  An ogre (D:4)
  A centaur (D:5)
  A phantom (D:5)
  A big kobold (Sewer)
  2 bullfrogs (D:6)
  3 crimson imps
  A centaur zombie (D:6)
  2 orc priests
  2 orc wizards
  Natasha (thrice) (D:2)
  2 iguanas
  4 worker ants
  3 gnolls (D:4)
  11 adders
  2 howler monkey skeletons
  6 river rats
  2 shadow imps (D:5)
  An ooze (D:2)
  An adder skeleton (D:4)
  5 worms
  5 dart slugs
  4 leopard geckos
  8 orcs
  8 giant cockroaches
  3 goblins
  2 hobgoblins
  A quokka (D:4)
  5 ball pythons
  3 bats
  3 frilled lizards
  18 kobolds
  A quokka skeleton (D:6)
  28 rats
144 creatures vanquished.

Notes
Turn   | Place    | Note
-------+----------+-------------------------------------------
     0 | D:1      | QuCean the Troll Monk began the quest for the Orb.
     0 | D:1      | Reached XP level 1. HP: 22/22 MP: 0/0
   130 | D:1      | Reached XP level 2. HP: 29/29 MP: 1/1
   896 | D:2      | Reached XP level 3. HP: 36/36 MP: 2/2
  1011 | D:2      | Noticed Natasha
  1027 | D:2      | Killed Natasha
  1027 | D:2      | Reached skill level 4 in Unarmed Combat
  1027 | D:2      | Reached XP level 4. HP: 12/44 MP: 3/3
  1033 | D:2      | Noticed Natasha
  1043 | D:2      | Killed Natasha
  1114 | D:2      | Noticed Natasha
  1123 | D:2      | Killed Natasha
  1340 | D:2      | Reached XP level 5. HP: 47/53 MP: 4/4
  1467 | D:2      | Found a hide-covered altar of Uskayaw.
  1487 | D:2      | Became a worshipper of Uskayaw the Reveler
  1487 | D:2      | Reached * piety under Uskayaw
  1823 | D:3      | Found a hazy altar of Hepliaklqana.
  1826 | D:3      | Found an iron altar of Okawaru.
  1826 | D:3      | Found a blossoming altar of Fedhas.
  1984 | D:3      | Reached ** piety under Uskayaw
  2361 | D:3      | Reached skill level 5 in Unarmed Combat
  2396 | D:3      | Found a deep blue altar of Sif Muna.
  2551 | D:4      | Found a staircase to the Ecumenical Temple.
  2553 | D:4      | Reached XP level 6. HP: 48/61 MP: 5/5
  3104 | D:4      | Found a glowing drain.
  3131 | D:4      | Reached *** piety under Uskayaw
  3146 | Sewer    | Entered a sewer
  3271 | Sewer    | Reached skill level 6 in Unarmed Combat
  3337 | Sewer    | Reached XP level 7. HP: 62/67 MP: 6/6
  3372 | Sewer    | Got a crude war axe
  3375 | Sewer    | Identified the +7 war axe "Trog's Scorn" {vamp, MR+} (You found it in a sewer)
  3943 | D:5      | Entered Level 5 of the Dungeon
  3984 | D:5      | Found a radiant altar of Vehumet.
  4058 | D:5      | Reached skill level 7 in Unarmed Combat
  4310 | D:5      | Reached **** piety under Uskayaw
  4369 | D:5      | Reached XP level 8. HP: 68/75 MP: 7/7
  4854 | D:6      | Reached skill level 5 in Dodging
  4944 | D:6      | Found a burning altar of Makhleb.
  4945 | D:6      | Found an ancient bone altar of Kikubaaqudgha.
  4945 | D:6      | Found a shattered altar of Ashenzari.
  4947 | D:6      | Found a white marble altar of Elyvilon.
  4948 | D:6      | Found a shadowy altar of Dithmenos.
  5063 | D:6      | Found a blossoming altar of Fedhas.
  5398 | D:6      | Reached skill level 8 in Unarmed Combat
  5556 | D:6      | HP: 2/75 [orc warrior/glaive (25)]
  5557 | D:6      | Mangled by an orc warrior

Skill      XL: |  1  2  3  4  5  6  7  8 |
---------------+-------------------------+-----
Unarmed Combat | 4 5 6 7 8 |  8.0
Dodging        | 3 4 5 |  5.2
Fighting       | 3 |  3.5
Stealth        | 2 |  2.1

Action                   |  1- 3 |  4- 6 |  7- 9 || total
-------------------------+-------+-------+-------++-------
Melee: Unarmed           |    76 |   165 |   141 ||   382
       Punch             |     1 |     2 |     5 ||     8
Invok: Stomp             |       |     4 |     4 ||     8
  Use: Scroll            |     2 |     5 |     2 ||     9
       Potion            |       |       |     1 ||     1
 Stab: Sleeping          |       |     1 |     2 ||     3
  Eat: Chunk             |     5 |    19 |    20 ||    44
       Bread ration      |     1 |       |     2 ||     3
Armor: Robe              |    24 |    89 |    44 ||   157
Dodge: Dodged            |    38 |   141 |    84 ||   263
Block: Other             |       |     8 |    28 ||    36
